 Dungeon Crawl Stone Soup version 0.24.1-8-ga250c9d538 (webtiles) character file.

Game seed: 309039511555833810, levelgen mode: deterministic

60 Peloso the Skirmisher (level 3, 29/29 HPs)
             Began as a Demonspawn Fighter on May 8, 2020.
             Got out of the dungeon alive.
             The game lasted 00:03:04 (1402 turns).

Peloso the Skirmisher (Demonspawn Fighter)          Turns: 1402, Time: 00:03:05

Health: 29/29      AC: 11    Str: 19    XL:     3   Next: 82%
Magic:  3/3        EV:  3    Int:  9    God:
Gold:   106        SH:  9    Dex: 10    Spells: 2/2 levels left

rFire    . . .     SeeInvis .   a - +0 long sword
rCold    + . .     Gourm    .   c - +0 shield
rNeg     . . .     Faith    .   m - +0 plate armour
rPois    .         Spirit   .   (helmet restricted)
rElec    .         Reflect  .   (no cloak)
rCorr    .         Harm     .   (no gloves)
MR       .....     Rnd*Tele +   (no boots)
Stlth    ..........             (no amulet)
HPRegen  0.09/turn              i - ring of teleportation (curse)
MPRegen  0.08/turn              (no ring)

@: very slightly contaminated
A: antennae 1, clumsy 1, cold resistance 1, strong 1
a: no special abilities


You escaped.
You were hungry.

You visited 1 branch of the dungeon, and saw 2 of its levels.

You collected 106 gold pieces.

Inventory:

Hand Weapons
 a - a +0 long sword (weapon)
Armour
 b - a +0 scale mail
 c - a +0 shield (worn)
 m - a +0 plate armour (worn)
Jewellery
 i - a cursed ring of teleportation (left hand)
Scrolls
 g - 5 scrolls of identify {unknown}
 h - a scroll of remove curse {unknown}
 k - a scroll of fog {unknown}
Potions
 d - a potion of might
 l - a potion of resistance {unknown}
Comestibles
 f - 2 rations


   Skills:
 + Level 3.3 Fighting
 + Level 2.4 Long Blades
 + Level 3.3 Armour
 + Level 0.3 Dodging
 + Level 3.0 Shields


You had 2 spell levels left.
You didn't know any spells.
Your spell library was empty.

Dungeon Overview and Level Annotations

Branches:
Dungeon (2/15)

Altars:


Innate Abilities, Weirdness & Mutations

Your flesh is cold resistant. (rC+)
You have a pair of small antennae on your head.
You are clumsy. (Dex -2)
Your muscles are strong. (Str +2)


Message History

You are very lightly contaminated with residual magic.
It was a potion of mutation.
You feel extremely strange. A pair of antennae grows on your head!
You feel clumsy.
You feel stronger.
(D) Dungeon
Where to? (Enter - D:12, ? - help)
What level of the Dungeon? (default 1, ? - help)
Found a scroll labeled SIERHE GYQAUTH.
Found a short sword.
Found 15 gold pieces.
There is a stone staircase leading up here.
You climb upwards.
There is a stone staircase leading down here.
You flicker for a moment.
You flicker back into view.
There is an open door here.
There is an open door here.
There is an open door here.
There is a staircase leading out of the dungeon here.
Are you sure you want to leave the Dungeon?
This will make you lose the game!
You have escaped!

#### ####
##.@##########..##
#....#......'....#
#....'......#....#
##..##########..##
#'##........##'#
#..#.P...P..#..#
#..#........#..#
#..#.P.P.P.8#..#
#..#....P.P.#..#


There were no monsters in sight!

Vanquished Creatures
  An adder (D:2)
  An ooze (D:2)
  A worm (D:2)
  A dart slug (D:1)
  A leopard gecko (D:2)
  3 ball pythons
  6 bats
  2 giant cockroaches (D:1)
  5 hobgoblins
  5 jackals
  A quokka (D:2)
  2 goblins (D:2)
  5 kobolds
  5 rats (D:1)
39 creatures vanquished.

Notes
Turn   | Place    | Note
-------+----------+-------------------------------------------
     0 | D:1      | Peloso the Demonspawn Fighter began the quest for the Orb.
     0 | D:1      | Reached XP level 1. HP: 18/18 MP: 1/1
   141 | D:1      | Gained mutation: Your flesh is cold resistant. (rC+)
                  | [demonic ancestry]
   141 | D:1      | Reached XP level 2. HP: 24/24 MP: 2/2
   659 | D:2      | Reached XP level 3. HP: 29/29 MP: 3/3
  1332 | D:2      | Gained mutation: You have a pair of small antennae on your
                  | head. [potion of mutation]
  1332 | D:2      | Gained mutation: You are clumsy. (Dex -2) [potion of
                  | mutation]
  1332 | D:2      | Gained mutation: Your muscles are strong. (Str +2) [potion
                  | of mutation]
  1402 | D:$      | Got out of the dungeon alive.

Levels and vault maps discovered:
D:1:      sevenhm_arrival_forest_fort_large_4, layout_rooms
D:2:      layout_basic, first_ration

Skill      XL: |  1  2 |
---------------+-------+-----
Armour         | 3 |  3.3
Long Blades    | 2 |  2.4
Shields        | 3 |  3.0
Fighting       | |  3.3
Dodging        | |  0.3

Action                   || total
-------------------------++-------
Melee: Long sword        ||   126
  Use: Potion            ||     2
  Eat: Chunk             ||     1
Armor: Scale mail        ||    74
Dodge: Dodged            ||    37
Block: Shield            ||    76
       Rpst.: Long sword ||    13
